Map: Galactic Process LE

Players

ShoWTimE

  • Race: Protoss Protoss

Snute - Winner!

  • Race: Zerg Zerg

Event: WCS Copa Intercontinental

VOD

https://www.youtube.com/watch?v=7R2SRuLh3JY

Description

Time

  • Played on: Sept. 11, 2016, 6:53 p.m.
  • Length: 13:12

All games in this series

Show
View Real Time Build Order
Export as new Build Order

ShoWTimE Protoss 

Build Orders: Nexus First, Phoenix Opening 

Get SALT Encoding   

  12  0:00  Probe (Chrono Boost)  
  13  0:11  Probe (Chrono Boost)  
  14  0:19  Pylon  
  14  0:22  Probe (Chrono Boost)  
  15  0:38  Probe (Chrono Boost)  
  16  0:48  Probe (Chrono Boost)  
  17  1:00  Nexus  
  17  1:04  Probe (Chrono Boost)  
  18  1:14  Gateway  
  18  1:18  Probe (Chrono Boost)  
  19  1:23  Assimilator  
  19  1:28  Probe (Chrono Boost)  
  19  1:31  Assimilator  
  20  1:39  Probe (Chrono Boost)  
  21  1:44  Pylon  
  21  1:49  Probe (Chrono Boost)  
  22  2:00  Probe (Chrono Boost)  
  23  2:01  Cybernetics Core  
  23  2:09  Zealot  
  23  2:10  Probe (Chrono Boost)  
  23  2:14  Probe (Chrono Boost)  
  27  2:21  Probe (Chrono Boost)  
  28  2:25  Probe (Chrono Boost)  
  29  2:31  Probe (Chrono Boost)  
  29  2:36  Probe (Chrono Boost)  
  31  2:39  Adept  
  31  2:40  Stargate  
  31  2:43  Warp Gate  
  32  2:46  Probe (Chrono Boost)  
  32  2:49  Probe (Chrono Boost)  
  34  2:57  Mothership Core (Chrono Boost)  
  36  3:01  Probe (Chrono Boost)  
  36  3:04  Pylon, Adept  
  40  3:13  Probe (Chrono Boost)  
  40  3:15  Probe (Chrono Boost)  
  41  3:21  Phoenix  
  41  3:25  Probe x2 (Chrono Boost)  
  45  3:36  Probe (Chrono Boost)  
  45  3:38  Probe (Chrono Boost)  
  47  3:41  Nexus  
  47  3:46  Probe (Chrono Boost)  
  47  3:47  Phoenix  
  49  3:50  Probe (Chrono Boost)  
  49  3:55  Pylon  
  51  3:57  Probe (Chrono Boost)  
  51  4:02  Probe (Chrono Boost)  
  53  4:04  Pylon  
  53  4:07  Probe (Chrono Boost)  
  53  4:09  Phoenix  
  54  4:14  Probe (Chrono Boost)  
  57  4:18  Probe (Chrono Boost)  
  57  4:23  Gateway  
  58  4:24  Gateway  
  58  4:26  Assimilator  
  58  4:28  Probe (Chrono Boost)  
  58  4:29  Probe (Chrono Boost)  
  58  4:30  Assimilator  
  60  4:32  Phoenix  
  63  4:40  Probe x2 (Chrono Boost)  
  64  4:46  Forge  
  64  4:50  Probe (Chrono Boost)  
  64  4:52  Probe (Chrono Boost)  
  66  4:54  Phoenix  
  66  4:55  Probe (Chrono Boost)  
  66  4:57  Sentry  
  71  5:01  Probe (Chrono Boost)  
  71  5:04  Probe (Chrono Boost)  
  71  5:05  Probe (Chrono Boost)  
  74  5:11  Pylon  
  74  5:12  Probe (Chrono Boost)  
  75  5:14  Pylon  
  75  5:16  Probe (Chrono Boost), Protoss Ground Weapons Level 1  
  75  5:17  Phoenix  
  75  5:18  Probe (Chrono Boost)  
  79  5:22  Probe (Chrono Boost)  
  79  5:24  Sentry  
  79  5:25  Sentry  
  85  5:28  Probe (Chrono Boost)  
  85  5:31  Probe (Chrono Boost)  
  86  5:36  Probe (Chrono Boost), Photon Cannon  
  86  5:37  Pylon  
  86  5:40  Assimilator, Probe (Chrono Boost)  
  86  5:42  Probe (Chrono Boost)  
  89  5:45  Assimilator  
  89  5:46  Pylon, Robotics Facility  
  89  5:52  Robotics Facility  
  89  5:53  Probe (Chrono Boost)  
  89  5:54  Probe x2 (Chrono Boost)  
  92  6:00  Pylon  
  92  6:01  Twilight Council  
  92  6:08  Probe (Chrono Boost)  
  93  6:16  Gateway  
  93  6:17  Gateway  
  93  6:22  Gateway x2  
  93  6:25  Charge  
  94  6:34  Probe (Chrono Boost)  
  94  6:35  Warp Prism  
  94  6:39  Templar Archives  
  96  6:43  Observer  
  96  6:44  Zealot x3  
  103  6:48  Pylon  
  103  6:52  Gateway  
  103  6:54  Gateway  
  103  7:04  Immortal  
  107  7:09  Pylon  
  107  7:18  Zealot  
  107  7:20  Immortal  
  113  7:28  Gateway  
  113  7:29  Gateway, Psionic Storm  
  113  7:31  Photon Cannon  
  113  7:34  Stalker, Photon Cannon  
  113  7:35  Stalker  
  113  7:36  Pylon x2  
  117  7:37  Protoss Ground Weapons Level 2  
  115  7:45  Adept x2  
  117  7:53  Pylon  
  117  7:57  Fleet Beacon  
  117  7:59  High Templar  
  117  8:00  High Templar x2  
  123  8:06  Immortal  
  123  8:09  Immortal  
  131  8:22  Stargate  
  131  8:27  Stargate  
  131  8:40  High Templar  
  133  8:42  Nexus  
  133  8:44  Pylon  
  133  8:46  Pylon, Tempest  
  137  8:57  Pylon  
  137  8:59  Pylon  
  135  9:06  Tempest  
  135  9:07  Tempest  
  135  9:14  Warp Prism  
  135  9:16  Photon Cannon  
  139  9:17  Photon Cannon  
  139  9:20  High Templar  
  137  9:24  Photon Cannon  
  137  9:25  Photon Cannon  
  137  9:28  Pylon  
  137  9:30  Tempest  
  141  9:38  Assimilator  
  141  9:40  Assimilator  
  141  9:42  Pylon  
  141  9:44  Tempest  
  141  9:51  Tempest  
  145  9:59  Zealot  
  151  10:00  Zealot x6  
  163  10:12  Tempest  
  165  10:22  Tempest  
  163  10:30  Tempest  
  151  10:37  Stalker x2  
  131  10:49  Zealot x3  
  118  10:50  Zealot x6  
  118  10:56  Tempest  
  130  11:10  Zealot  
  132  11:12  Nexus  
  132  11:13  High Templar x2  
  132  11:17  Pylon  
  134  11:20  High Templar  
  134  11:24  Archon  
  132  11:25  Zealot x2  
  132  11:26  Zealot  
  132  11:29  Zealot x2  
  132  11:32  Sentry x2  
  115  11:33  Zealot  
  102  11:46  Zealot  
  99  11:49  Zealot  
  99  11:50  Zealot x3  
  101  11:55  High Templar x2  
  105  12:03  Pylon  
  105  12:04  Gateway  
  105  12:12  Pylon  
  105  12:14  High Templar  
  105  12:15  High Templar  
  109  12:23  Pylon  
  109  12:39  High Templar x2  
  109  12:43  Sentry  
  109  12:44  Zealot x5  
  91  12:59  Zealot x2  
Show
View Real Time Build Order
Export as new Build Order

Snute Zerg - Winner!

Build Orders: Hatch First 

Get SALT Encoding   

  12  0:00  Drone  
  13  0:12  Overlord  
  13  0:17  Drone  
  14  0:30  Drone x2  
  14  0:34  Drone  
  17  0:49  Drone  
  18  0:58  Hatchery  
  18  0:59  Drone  
  18  1:02  Extractor  
  17  1:15  Spawning Pool  
  17  1:17  Drone  
  17  1:20  Drone  
  18  1:27  Drone  
  19  1:38  Overlord  
  19  1:49  Drone  
  20  2:01  Queen, Metabolic Boost  
  20  2:03  Zergling x2  
  23  2:09  Queen  
  23  2:10  Drone  
  23  2:13  Drone  
  27  2:21  Drone  
  27  2:22  Drone  
  29  2:35  Hatchery  
  29  2:37  Drone  
  29  2:42  Overlord  
  29  2:43  Drone  
  30  2:45  Drone  
  31  2:55  Drone x2  
  33  3:03  Drone  
  33  3:04  Drone  
  35  3:11  Drone  
  35  3:12  Drone x2  
  38  3:15  Overlord  
  38  3:18  Drone  
  38  3:19  Drone  
  40  3:23  Hatchery  
  40  3:25  Overlord  
  39  3:27  Drone  
  39  3:29  Drone  
  39  3:32  Drone  
  42  3:37  Overlord  
  42  3:38  Drone  
  42  3:43  Drone x3  
  42  3:48  Drone x2  
  47  3:49  Drone x2  
  47  3:51  Drone  
  47  3:55  Evolution Chamber  
  49  3:58  Drone  
  49  3:59  Drone  
  49  4:01  Queen  
  53  4:04  Drone  
  53  4:08  Drone  
  55  4:12  Drone x4  
  55  4:13  Overlord  
  59  4:19  Spore Crawler  
  59  4:21  Drone x2  
  59  4:22  Spore Crawler  
  60  4:24  Drone x4  
  60  4:28  Zerg Melee Weapons Level 1  
  60  4:29  Spore Crawler  
  62  4:32  Drone  
  62  4:34  Zergling x2  
  62  4:35  Queen  
  62  4:37  Zergling x4  
  68  4:40  Zergling x2  
  68  4:43  Spore Crawler  
  68  4:45  Drone x3  
  69  4:47  Lair  
  69  4:48  Drone, Extractor  
  69  4:49  Drone  
  69  4:50  Drone  
  69  4:52  Drone  
  72  4:56  Drone x3  
  72  4:57  Drone x2  
  77  5:00  Drone  
  77  5:07  Drone, Baneling Nest  
  77  5:08  Drone x2, Hatchery  
  77  5:12  Overlord  
  77  5:16  Drone x3  
  77  5:20  Overlord  
  80  5:24  Extractor  
  80  5:26  Extractor  
  80  5:27  Drone x3  
  80  5:28  Roach Warren, Drone  
  80  5:29  Overlord  
  80  5:33  Drone x3  
  82  5:35  Drone  
  82  5:38  Drone x2, Extractor  
  82  5:40  Drone x4, Extractor  
  87  5:43  Drone  
  87  5:47  Overlord x4  
  87  5:48  Infestation Pit  
  87  5:53  Overlord x2  
  87  6:06  Drone x2  
  87  6:07  Drone x3  
  87  6:09  Drone x4  
  96  6:11  Drone x3  
  96  6:12  Drone x2  
  96  6:13  Hatchery  
  96  6:18  Queen  
  100  6:25  Hive, Zerg Melee Weapons Level 2  
  97  6:26  Centrifical Hooks  
  97  6:31  Zergling x14  
  97  6:32  Zergling x8  
  105  6:34  Drone x2  
  107  6:40  Spire  
  107  6:43  Hatchery  
  105  6:48  Queen x2  
  105  6:52  Drone x2  
  111  6:55  Spore Crawler  
  111  6:56  Drone x3  
  111  7:02  Drone x2  
  111  7:03  Drone x2  
  111  7:04  Drone  
  111  7:05  Drone  
  111  7:06  Overlord x2  
  117  7:10  Zergling x14  
  117  7:11  Zergling x8  
  117  7:12  Overlord  
  126  7:27  Baneling x7  
  126  7:29  Queen x2  
  129  7:40  Zergling x38  
  144  7:54  Adrenal Glands  
  144  7:56  Greater Spire  
  141  8:11  Corruptor x6  
  141  8:12  Corruptor x3  
  158  8:19  Overlord x3  
  158  8:20  Overlord x3  
  157  8:27  Spore Crawler  
  157  8:28  Spore Crawler  
  157  8:33  Corruptor  
  157  8:39  Zergling x32  
  173  8:42  Queen  
  172  9:10  Brood Lord  
  172  9:11  Brood Lord x5  
  172  9:12  Zergling x4  
  172  9:13  Zergling x28  
  199  9:24  Zerg Melee Weapons Level 3  
  199  9:32  Extractor  
  196  9:39  Brood Lord  
  198  9:52  Baneling x17  
  198  9:53  Baneling  
  198  9:56  Extractor  
  198  9:57  Extractor  
  192  10:09  Baneling x10  
  192  10:11  Zergling x20  
  179  10:31  Zergling x24  
  179  10:32  Zergling x36  
  191  10:39  Zergling x20  
  180  10:44  Zergling x12  
  180  10:48  Queen x2  
  180  10:50  Corruptor  
  180  10:55  Corruptor x6  
  191  10:59  Queen x2  
  181  11:06  Zergling x18  
  181  11:07  Queen x3  
  181  11:09  Baneling x11  
  181  11:10  Baneling  
  189  11:15  Spore Crawler  
  182  11:18  Zergling x2  
  182  11:19  Zergling x12  
  182  11:24  Queen x2  
  182  11:30  Corruptor x4  
  174  11:33  Zergling x12  
  174  11:37  Zergling x2  
  174  11:38  Zergling x10  
  170  11:40  Queen x2  
  170  11:43  Queen  
  170  11:45  Corruptor x2  
  172  11:48  Corruptor  
  172  11:50  Corruptor  
  172  11:51  Zergling x2  
  172  11:52  Zergling x10  
  177  11:55  Corruptor  
  179  12:05  Zergling x12  
  185  12:10  Zergling x14  
  192  12:16  Zergling x2  
  192  12:22  Overseer x2  
  193  12:25  Pneumatized Carapace  
  193  12:27  Zergling x12  
  193  12:28  Baneling  
  193  12:29  Baneling x24  
  199  12:33  Overseer  
  191  12:49  Zergling x2  
  191  12:50  Zergling x18  
Tags
 
Add a new tag
Caveats
  • Supply blocks, unpowered buildings, or Contaminate may cause inaccurate times.
  • Supply counts are checked every 10 seconds.